 Dungeon Crawl Stone Soup version 0.29-a0-557-g43b9904bd1 (webtiles) character file.

Game seed: 12285329930585768949

2020 kae the Destroyer (level 9, -6/67 HPs)
             Began as a Tengu Fire Elementalist on June 8, 2022.
             Was an Initiate of Vehumet.
             Mangled by Maggie
             ... wielding the +9 lance "Wyrmbane" {slay drac, rPois rF+ rC+ AC+3}
              (10 damage)
             ... on level 6 of the Dungeon.
             The game lasted 00:05:15 (10259 turns).

kae the Destroyer (Tengu Fire Elementalist)        Turns: 10259, Time: 00:05:15

Health: -6/67      AC:  3    Str:  9    XL:     9   Next: 23%
Magic:  7/17       EV: 14    Int: 20    God:    Vehumet [......]
Gold:   299        SH:  0    Dex: 14    Spells: 9/18 levels left

rFire   + . .      SeeInvis .   n - +3 short sword (venom)
rCold   x . .      Faith    .   (no shield)
rNeg    . . .      Spirit   .   a - +0 robe
rPois   .          Reflect  .   (helmet restricted)
rElec   .          Harm     .   j - +0 cloak
rCorr   .          Rampage  .   (no gloves)
Will    +....                   (boots unavailable)
Stlth   ..........              (no amulet)
HPRegen 0.21/turn               h - ring of fire
MPRegen 0.15/turn               t - ring of willpower

@: confused, berserking (expiring), flying quickly and evasively, invisible,
very quick
A: beak, talons 3, nimble flight
a: Renounce Religion


You were on level 6 of the Dungeon.
You worshipped Vehumet.
Vehumet was noncommittal.
You visited 2 branches of the dungeon, and saw 8 of its levels.

You collected 299 gold pieces.

Inventory:

Hand Weapons
 c - a +1 whip of flaming
 f - a +0 war axe
 n - a +3 short sword of venom (weapon)
Armour
 a - a +0 robe (worn)
 j - a +0 cloak (worn)
 k - a +1 pair of boots
Jewellery
 h - a ring of fire (left hand)
 m - a ring of protection from cold
 o - a ring of fire
 t - a ring of willpower (right hand)
 u - a ring of resist corrosion
Wands
 r - a wand of acid (10)
 y - a wand of paralysis (6)
Scrolls
 l - a scroll of magic mapping
Potions
 b - 2 potions of magic
 d - 2 potions of degeneration
 g - 4 potions of curing
 i - a potion of berserk rage
 p - a potion of brilliance {unknown}
 v - a potion of resistance {unknown}
 w - a potion of lignification {unknown}
 x - a potion of attraction {unknown}


   Skills:
 - Level 2.1 Dodging
 - Level 2.0 Stealth
 + Level 5.1 Spellcasting
 * Level 9.8 Conjurations
 * Level 8.9 Fire Magic


You had 9 spell levels left.
You knew the following spells:

 Your Spells              Type           Power      Damage    Failure   Level
a - Foxfire               Conj/Fire      100%       2x1d9     1%          1
b - Scorch                Fire           100%       2d10      1%          2
c - Conjure Flame         Conj/Fire      59%        6-21      1%          3
d - Inner Flame           Hex/Fire       34%        N/A       5%          3

Your spell library contained the following spells:

 Spells                   Type           Power      Damage    Failure   Level
 Flame Wave               Conj/Fire      59%        2d11      2%          4
 Sticky Flame             Conj/Fire      59%        2d7       2%          4
 Ignite Poison            Fire/Tmut/Pois 25%        N/A       10%         3
 Apportation              Tloc           10%        N/A       12%         1
 Ensorcelled Hibernation  Hex/Ice        10%        N/A       17%         2
 Passwall                 Tmut/Erth      4%         N/A       17%         2
 Swiftness                Air            5%         N/A       34%         3
 Alistair's Intoxication  Tmut/Pois      3%         N/A       97%         5
 Borgnjor's Vile Clutch   Necr/Erth      2%         N/A       97%         5
 Eringya's Noxious Bog    Tmut/Pois      2%         N/A       100%        6


Dungeon Overview and Level Annotations

Branches:
Dungeon (7/15)             Temple (1/1) D:6

Altars:
Ashenzari
Cheibriados
Dithmenos
Elyvilon
Fedhas
Gozag
Hepliaklqana
Kikubaaqudgha
Makhleb
Nemelex Xobeh
Qazlal
Ru
Sif Muna
Trog
Uskayaw
Vehumet
Wu Jian
Xom
Yredelemnul
Zin
The Shining One

Shops:
D:2 (

Annotations:
D:3 1 runed translucent door, Crazy Yiuf
D:6 Maggie


Innate Abilities, Weirdness & Mutations

You have a beak for a mouth.
You have claws for feet.
Your magical nature lets you fly swiftly and evasively.


Message History

Maggie is no longer more vulnerable to fire.
The foxfire hits Maggie but does no damage.
Maggie is moderately wounded.
The foxfire hits Maggie.
Maggie resists.
Maggie is moderately wounded.
Maggie zaps a wand.
You resist with almost no effort.
Casting: Foxfire (safe; 1% risk of failure)
Confirm with . or Enter, or press ? or * to list all spells.
You feel a surge of power!
Flames lash Maggie.
Maggie resists.
Maggie is moderately wounded.
Maggie's fire resistance burns away.
Maggie casts a spell.
Maggie draws you further into her thrall.
Maggie hits you from afar with the +9 lance "Wyrmbane" {slay drac, rPois rF+ rC+ AC+3}!!
Ouch! That really hurt!
* * * LOW HITPOINT WARNING * * *
It was a potion of cancellation.
Your magical effects are unravelling.
You feel magically purged.
You break out of your daze.
Maggie completely misses you.
You fade into invisibility!
Maggie is no longer more vulnerable to fire.
Maggie barely misses you. Maggie casts a spell at you.
The bolt of fire hits you! You resist.
* * * LOW HITPOINT WARNING * * *
It was a potion of curing.
You feel better.
Maggie hits you from afar with the +9 lance "Wyrmbane" {slay drac, rPois rF+ rC+ AC+3}!
* * * LOW HITPOINT WARNING * * *
It was a potion of berserk rage.
A red film seems to cover your vision as you go berserk!
You feel yourself moving faster!
You feel mighty!
Maggie zaps a wand.
Your will is overpowered!
You are confused.
You bump into the rock wall.
You feel a strong urge to attack something.
Maggie misses you.
You bump into the rock wall.
Maggie hits you from afar with the +9 lance "Wyrmbane" {slay drac, rPois rF+ rC+ AC+3}!
You die...

# #.#,* *,**,*,* **
#.#,* *,**,,,* *,
#.#,* *,****,* *,
#.#,* *,* *,* *,
#.#,* *,* *,* *,
#.#,* *,****,* *,
#@#,* *,,,,,,* *,
################.#,*
******** *,
................@#,*
*,
################.#,*
*,
###,*************,
*,,,,,,,,,,,,,,,
*,************** ***


You could see Maggie (can't see you).

Vanquished Creatures
  Grinder (D:3)
  Menkaure (D:5)
  A water moccasin (D:6)
  2 ice beasts (D:6)
  3 black bears
  A centaur (D:6)
  A phantom (D:6)
  A necrophage (D:4)
  5 scorpions
  A hound (D:5)
  6 orc priests
  A jelly (D:6)
  2 iguanas
  5 orc wizards
  8 adders
  2 ufetubi
  A worm (D:2)
  6 dart slugs
  32 orcs
  8 endoplasms
  A giant cockroach (D:1)
  11 goblins
  7 hobgoblins
  6 quokkas
  4 ball pythons
  3 ball python skeletons (D:3)
  3 ball python zombies (D:3)
  2 bats (D:3)
  4 frilled lizards
  3 kobolds
  A quokka skeleton (D:3)
  A quokka zombie (D:3)
  4 rats
138 creatures vanquished.

Vanquished Creatures (others)
  An orc wizard (D:3)
  443 foxfires
444 creatures vanquished.

Grand Total: 582 creatures vanquished

Notes
Turn   | Place    | Note
-------+----------+-------------------------------------------
     0 | D:1      | kae the Tengu Fire Elementalist began the quest for the
                  | Orb.
     0 | D:1      | Reached XP level 1. HP: 10/10 MP: 4/4
   313 | D:1      | Reached skill level 2 in Conjurations
   313 | D:1      | Reached XP level 2. HP: 15/15 MP: 1/6
   370 | D:1      | Found a faded altar of an unknown god.
  1405 | D:2      | Reached XP level 3. HP: 19/19 MP: 1/7
  1533 | D:2      | Found Giaczyikhu's Weapon Emporium.
  1670 | D:2      | Reached skill level 3 in Conjurations
  1753 | D:2      | Found a glowing golden altar of the Shining One.
  2078 | D:2      | Reached XP level 4. HP: 24/24 MP: 5/8
  2081 | D:2      | Learned a level 2 spell: Scorch
  2085 | D:2      | Learned a level 3 spell: Conjure Flame
  2946 | D:3      | Noticed Grinder
  2967 | D:3      | Killed Grinder
  2968 | D:3      | Reached skill level 5 in Conjurations
  2968 | D:3      | Reached skill level 5 in Fire Magic
  2968 | D:3      | Gained mutation: Your magical nature lets you fly swiftly
                  | and evasively. [Tengu growth]
  2968 | D:3      | Reached XP level 5. HP: 18/28 MP: 1/10
  2968 | D:3      | Reached XP level 6. HP: 20/32 MP: 1/11
  3264 | D:3      | Found a runed translucent door.
  3265 | D:3      | Noticed Crazy Yiuf
  4383 | D:4      | Reached XP level 7. HP: 36/36 MP: 6/13
  4604 | D:4      | Learned a level 3 spell: Inner Flame
  4784 | D:4      | Reached skill level 6 in Conjurations
  5125 | D:5      | Entered Level 5 of the Dungeon
  6095 | D:5      | Reached skill level 7 in Conjurations
  6291 | D:5      | Noticed Menkaure
  6295 | D:5      | Killed Menkaure
  6296 | D:5      | Reached XP level 8. HP: 22/41 MP: 12/15
  6795 | D:5      | Identified the +0 leather armour "Taihon" {rElec}
  7112 | D:6      | Reached skill level 8 in Conjurations
  7334 | D:6      | Found a staircase to the Ecumenical Temple.
  7399 | Temple   | Entered the Ecumenical Temple
  7693 | Temple   | Became a worshipper of Vehumet
  7970 | D:6      | Reached skill level 9 in Conjurations
  8373 | D:6      | Reached XP level 9. HP: 45/45 MP: 14/17
  8853 | D:6      | Reached skill level 5 in Spellcasting
  9048 | D:7      | Noticed a cyclops
  9050 | D:7      | HP: 1/45 [cyclops/large rock (44)]
  9389 | D:7      | Noticed Maggie
 10256 | D:6      | HP: 2/45 [Maggie/the +9 lance "Wyrmbane" {slay drac, rPois
                  | rF+ rC+ AC+3} (12)]
 10259 | D:6      | Mangled by Maggie

Illustrated notes

Levels and vault maps discovered:
D:1:      kilobyte_arrival_exit_the_forest, layout_loops_cross,
          hellmonk_ecumenical_altar_heavens_door, minivault_5,
          nicolae_figureground_sparkle
D:2:      layout_loops_ring, serial_shops, nicolae_shop_bloodbath_and_beyond,
          basic_altar
D:3:      layout_basic, serial_undead, serial_undead_a, serial_undead_f,
          serial_undead_a, serial_undead_d, serial_undead_f, serial_undead_a,
          serial_undead_d, minmay_misc_feat_ornament, kennysheep_generic_room_8,
          uniq_grinder, uniq_crazy_yiuf_cottage
D:4:      layout_basic, lightli_corner_chamber
D:5:      layout_basic, uniq_menkaure
D:6:      layout_basic, minmay_temple_entry_metal_lava
D:7:      layout_rooms, uniq_maggie
Temple:   roderic_octagonal_lattice_temple

Skill      XL: |  1  2  3  4  5  6  7  8  9 |
---------------+----------------------------+-----
Conjurations   | 2 3 5 7 9 |  9.8
Fire Magic     | 4 5 7 8 |  8.9
Spellcasting   | 3 4 5 |  5.1
Dodging        | |  2.1
Stealth        | |  2.0

Action                   |  1- 3 |  4- 6 |  7- 9 || total
-------------------------+-------+-------+-------++-------
Melee: War axe           |     9 |       |       ||     9
       Punch             |     1 |       |       ||     1
       Whip              |     2 |       |       ||     2
       Peck              |     1 |       |     2 ||     3
       Short sword       |       |       |     5 ||     5
 Cast: Foxfire           |    68 |    80 |   115 ||   263
       Scorch            |       |     7 |    45 ||    52
       Conjure Flame     |       |     1 |     2 ||     3
Evoke: Wand              |       |       |     3 ||     3
  Use: Scroll            |     3 |     3 |     7 ||    13
       Potion            |       |       |     4 ||     4
Armor: Robe              |     2 |     3 |    10 ||    15
Dodge: Dodged            |    12 |    11 |    67 ||    90

Table legend: (Time is in decaauts)
 A = Elapsed time spent in this place.
 B = Non-inter-level travel time spent in this place.
 C = Inter-level travel time spent in this place.
 D = Time resting spent in this place.
 E = Time spent auto-exploring this place.
 F = Levels seen in this place.
 G = Mean time per level.
                   A        B        C        D        E       F      G
               +--------+--------+--------+--------+--------+-----+--------+
         Total |   9922 |   9460 |    462 |    649 |   7740 |   8 | 1240.2 |
       Dungeon |   9643 |   9215 |    428 |    649 |   7514 |   7 | 1377.6 |
        Temple |    279 |    245 |     34 |      0 |    225 |   1 |  279.0 |
               +--------+--------+--------+--------+--------+-----+--------+

Top non-repeatable levels by time:
     D:6: 2889 daAuts
     D:3: 1718 daAuts
     D:5: 1709 daAuts
     D:1: 1393 daAuts
     D:2: 988 daAuts
     D:4: 920 daAuts
  Temple: 279 daAuts
     D:7: 21 daAuts
